 Dungeon Crawl Stone Soup version 0.28.0 (webtiles) character file.

Game seed: 13508645362068314677

57509 pkoi the Executioner (level 14, -3/119 HPs)
             Began as a Minotaur Gladiator on Feb 7, 2022.
             Was the Champion of Dithmenos.
             Shot with a bolt by an orc knight (30 damage)
             ... on level 14 of the Dungeon.
             The game lasted 00:31:39 (23333 turns).

pkoi the Executioner (Minotaur Gladiator)          Turns: 23333, Time: 00:31:39

Health: -3/119     AC: 13    Str: 23    XL:     14   Next: 46%
Magic:  16/16      EV: 13    Int:  5    God:    Dithmenos [******]
Gold:   1458       SH:  0    Dex: 13    Spells: 13/13 levels left

rFire   + . .      SeeInvis +   a - +6 executioner's axe (flame)
rCold   . . .      Faith    .   (shield currently unavailable)
rNeg    . . .      Spirit   .   J - +2 troll leather armour {Snorg}
rPois   .          Reflect  .   c - +1 hat
rElec   .          Harm     .   h - +2 cloak {Stlth+}
rCorr   .          Rampage  .   (no gloves)
Will    ++...                   A - +0 pair of boots
Stlth   ++++++++..              (no amulet)
HPRegen 1.09/turn               M - ring of protection from cold
MPRegen 0.15/turn               T - ring "Nekkyen" {Fire Will+ SInv Stlth+}

@: wreathed by umbra, studying Fighting
A: horns 2, retaliatory headbutt
a: Renounce Religion, Shadow Step, Shadow Form


You were on level 14 of the Dungeon.
You worshipped Dithmenos.
Dithmenos was exalted by your worship.
You visited 3 branches of the dungeon, and saw 21 of its levels.
You also visited: Sewer and Ossuary.

You collected 1458 gold pieces.

Inventory:

Hand Weapons
 a - a +6 executioner's axe of flaming (weapon)
 b - a +1 longbow of flaming
 L - a +6 battleaxe
 P - a +0 longbow
Missiles
 d - 3 throwing nets
 f - 2 curare-tipped darts
 g - 283 arrows
 l - 11 boomerangs
 F - 30 poisoned darts
Armour
 c - a +1 hat (worn)
 h - a +2 cloak of stealth (worn)
 m - a +2 plate armour of fire resistance
 A - a +0 pair of boots (worn)
 J - a +2 troll leather armour (worn) {Snorg}
Jewellery
 M - a ring of protection from cold (left hand)
 N - a +4 ring of protection
 O - a +4 ring of evasion
 T - the ring "Nekkyen" (right hand) {Fire Will+ SInv Stlth+}
   (You found it on level 1 of the Lair of Beasts)

   [ring of fire]

   It enhances your fire magic.
   rF:        It protects you from fire.
   rC:        It makes you vulnerable to cold.
   SInv:      It lets you see invisible.
   Will:      It increases your willpower.
   Stlth:     It makes you more stealthy.
 W - a ring of positive energy
 X - the ring of the Trout {rF+ Str+4 Dex-2}
   (You found it on level 6 of the Lair of Beasts)

   [ring of protection from fire]

   Str:       It affects your strength (+4).
   Dex:       It affects your dexterity (-2).
   rF:        It protects you from fire.
Wands
 u - a wand of digging (6)
 v - a wand of mindburst (10)
 x - a wand of flame (26) (quivered)
 B - a wand of polymorph (23)
 E - a wand of paralysis (14)
 G - a wand of acid (2)
 I - a wand of charming (3)
 S - a wand of iceblast (8)
Scrolls
 e - 3 scrolls of magic mapping
 j - 2 scrolls of blinking
 p - 2 scrolls of fear
 s - 8 scrolls of teleportation
 t - 4 scrolls of enchant armour
 w - 6 scrolls of amnesia
 y - 4 scrolls of fog
 K - a scroll of holy word {unknown}
 Q - 5 scrolls of identify
Potions
 i - a potion of berserk rage
 k - 6 potions of curing
 n - 2 potions of heal wounds
 o - 2 potions of haste
 q - 3 potions of invisibility
 r - 3 potions of cancellation
 z - 4 potions of lignification
 C - 4 potions of flight
 D - 4 potions of might
 H - 3 potions of magic
 R - a potion of resistance
 V - a potion of brilliance {unknown}
Miscellaneous
 U - a box of beasts


   Skills:
 + Level 9.7 Fighting
 - Level 24.0 Axes
 * Level 3.9 Bows
 - Level 2.0 Throwing
 + Level 8.6 Armour
 + Level 4.7 Dodging
 + Level 4.7 Stealth
 + Level 4.2 Invocations
 + Level 6.6 Evocations


You had 13 spell levels left.
You didn't know any spells.
Your spell library contained the following spells:

 Spells                   Type           Power      Damage    Failure   Level
 Animate Skeleton         Necr           0%         N/A       52%         1
 Foxfire                  Conj/Fire      0%         2x1d4     52%         1
 Freeze                   Ice            0%         1d3       52%         1
 Pain                     Necr           0%         1d4       52%         1
 Summon Small Mammal      Summ           0%         N/A       52%         1
 Static Discharge         Conj/Air       0%         N/A       65%         2
 Call Canine Familiar     Summ           0%         N/A       87%         3
 Conjure Flame            Conj/Fire      0%         6-21      87%         3
 Frozen Ramparts          Ice            0%         1d2       87%         3
 Ignite Poison            Fire/Tmut/Pois 0%         N/A       87%         3
 Inner Flame              Hex/Fire       0%         N/A       87%         3
 Mephitic Cloud           Conj/Pois/Air  0%         N/A       87%         3
 Summon Guardian Golem    Hex/Summ       0%         N/A       87%         3
 Vampiric Draining        Necr           0%         2d6       87%         3
 Flame Wave               Conj/Fire      0%         2d4       99%         4
 Fulminant Prism          Conj/Hex       0%         3d6       99%         4
 Hailstorm                Conj/Ice       0%         3d3       99%         4
 Iskenderun's Mystic Bla  Conj/Tloc      0%         2d3       99%         4
 Freezing Cloud           Conj/Ice/Air   0%         6-21      100%        5
 Lee's Rapid Deconstruct  Erth           0%         3d5*      100%        5
 Lightning Bolt           Conj/Air       0%         1d11      100%        5
 Maxwell's Capacitive Co  Air            0%         ∞         100%        8


Dungeon Overview and Level Annotations

Branches:
Dungeon (14/15) Temple (1/1) D:4 Lair (6/6) D:11 Shoals (0/4) Lair:2 Spider (0/4) Lair:3 Slime (0/5) Lair:6 Orc (0/2) D:10 Vaults (0/5) D:13 D:14 Sewer (visited) Ossuary (visited)

Altars:
Ashenzari
Cheibriados
Dithmenos
Elyvilon
Fedhas
Gozag
Hepliaklqana
Kikubaaqudgha
Makhleb
Nemelex Xobeh
Okawaru
Qazlal
Ru
Sif Muna
Trog
Uskayaw
Vehumet
Wu Jian
Xom
Yredelemnul
Zin
The Shining One
Jiyva

Shops:
D:1 [   D:4 =

Annotations:
D:4 Grinder
Lair:3 1 runed translucent door, Befuwnopp's ghost, journeyman TrHu
Lair:5 1 runed translucent door, BobtheApe's ghost, journeyman GrEE


Innate Abilities, Weirdness & Mutations

You have a pair of horns on your head.
You reflexively headbutt those who attack you in melee.


Message History

The two-headed ogre barely misses you. You furiously retaliate!
You headbutt the two-headed ogre. The two-headed ogre misses you.
The human barely misses you. You furiously retaliate!
You headbutt the human. You closely miss the human.
Your headbutt misses the human.
The human is severely wounded.
You slash the two-headed ogre! You burn the two-headed ogre.
You kill the two-headed ogre!
Dithmenos accepts your kill.
The orc knight unwields a +1 war axe.
The orc knight wields a +0 arbalest.
The orc knight shoots a bolt.
The bolt misses you.
You slice the human!! You burn the human.
You kill the human!
Dithmenos accepts your kill.
Unknown command.
The orc knight unwields a +0 arbalest.
The orc knight wields a +1 war axe.
The orc knight hits you with a +1 war axe!!!
* * * LOW HITPOINT WARNING * * *
You emit a cloud of dark smoke.
Unknown command.
You slice the orc knight!! You burn the orc knight.
The orc knight is moderately wounded.
The orc knight hits you with a +1 war axe!!!
* * * LOW HITPOINT WARNING * * *
Unknown command.
You barely miss the orc knight.
The orc knight is moderately wounded.
The orc knight completely misses you.
Unknown command.
You hit the orc knight. You burn the orc knight.
The orc knight is moderately wounded.
Unknown command.
You hit the orc knight but do no damage.
You headbutt the orc knight.
The orc knight is heavily wounded.
The orc knight hits you with a +1 war axe.
* * * LOW HITPOINT WARNING * * *
Unknown command.
The orc knight unwields a +1 war axe.
The orc knight wields a +0 arbalest.
The orc knight shoots a bolt.
The bolt hits you!!
You die...

..#.........###
..#...........#
............#.#
..............#
..............#
......§§§§§§..###
##....§§§§o§.....
......§§§§§§.....
.......§@§§§.....
.......).†.......
.................
#..............##
#..............#
################


You could see an orc knight (strong).

Vanquished Creatures
  Nessos (D:13)
  Snorg (D:11)
  Fannar (Lair:3)
  Harold (D:8)
  7 hydras
  A centaur warrior (D:13)
  3 boulder beetles
  Erica (D:11)
  5 two-headed ogres
  Urug (Lair:3)
  The ghost of Imnulubo the Destroyer, a novice TeFE of Vehumet (Lair:1)
  A lindwurm (Lair:6)
  An orc knight (D:14)
  3 cyclopes
  An ugly thing (D:11)
  5 elephants (Lair:3)
  6 black mambas
  9 cane toads
  9 komodo dragons
  2 gargoyles
  5 rime drakes
  2 kobold demonologists (D:12)
  A komodo dragon (shapeshifter) (D:13)
  A demonic crawler (Lair:3)
  2 hornets (Lair:6)
  4 polar bears
  6 trolls
  4 slime creatures (D:13)
  8 blink frogs
  2 dream sheep (Lair:6)
  5 wraiths
  Sigmund (D:2)
  40 yaks
  A vampire (D:12)
  12 spriggans
  3 basilisks
  A wyvern (Lair:6)
  A steam dragon (D:9)
  5 vampire mosquitoes
  16 humans
  2 acid dragons
  18 water moccasins
  2 hydra simulacra (Lair:1)
  5 orc warriors
  5 black bears
  A sky beast (D:8)
  A black mamba simulacrum (Lair:1)
  4 centaurs
  38 wolves
  5 boggarts (Lair:6)
  An ogre (D:3)
  A phantom (D:7)
  4 kobold brigands
  15 bullfrogs
  6 scorpions
  An elephant simulacrum (Lair:1)
  18 killer bees
  2 howler monkeys
  4 wights
  4 centaur zombies
  A crimson imp (D:10)
  A bullfrog zombie (D:5)
  A komodo dragon simulacrum (Lair:1)
  2 hounds
  Crazy Yiuf (D:6)
  2 bullfrog skeletons
  A jelly (D:6)
  A gnoll shaman (D:7)
  7 orc priests
  A centaur skeleton (D:6)
  Ijyb (D:4)
  2 iguanas
  12 orc wizards
  12 hell rats
  Natasha (twice) (D:3)
  A killer bee zombie (D:7)
  A bullfrog simulacrum (Lair:1)
  A black bear simulacrum (Lair:1)
  A mummy (Ossuary)
  8 gnolls
  15 adders
  3 river rats (Sewer)
  A white imp (D:7)
  An ufetubus (D:5)
  5 worms
  3 dart slugs
  38 orcs
  A spectral bat (Ossuary)
  9 endoplasms
  5 giant cockroaches
  A goblin (D:3)
  9 hobgoblins
  5 jackals (D:2)
  3 quokkas
  14 ball pythons
  5 bats
  2 bat simulacra (Ossuary)
  7 frilled lizards
  12 gnoll zombies (Ossuary)
  6 goblin simulacra (Ossuary)
  4 goblin zombies (Ossuary)
  4 hobgoblin zombies (Ossuary)
  17 kobolds
  3 kobold simulacra (Ossuary)
  5 kobold zombies (Ossuary)
  5 orc zombies (Ossuary)
  28 rats
  A rat simulacrum (Ossuary)
  2 spectral goblins (Ossuary)
  3 spectral kobolds (Ossuary)
  2 spectral rats (Ossuary)
  A bush (D:10)
596 creatures vanquished.

Vanquished Creatures (others)
  9 fungi
  63 plants
72 creatures vanquished.

Grand Total: 668 creatures vanquished

Notes
Turn   | Place    | Note
-------+----------+-------------------------------------------
     0 | D:1      | pkoi the Minotaur Gladiator began the quest for the Orb.
     0 | D:1      | Reached XP level 1. HP: 18/18 MP: 0/0
   335 | D:1      | Reached skill level 4 in Axes
   357 | D:1      | Found a faded altar of an unknown god.
   418 | D:1      | Reached XP level 2. HP: 25/25 MP: 1/1
   436 | D:1      | Reached skill level 1 in Armour
   820 | D:1      | Found Cukh's Armour Boutique.
  1133 | D:2      | Reached XP level 3. HP: 28/31 MP: 2/2
  1232 | D:2      | Noticed Sigmund
  1947 | D:3      | Reached XP level 4. HP: 38/38 MP: 3/3
  1973 | D:3      | Noticed a scorpion
  1980 | D:3      | Killed a scorpion
  1981 | D:3      | Reached skill level 5 in Axes
  2077 | D:3      | Reached XP level 5. HP: 36/46 MP: 4/4
  2308 | D:3      | Found a snail-covered altar of Cheibriados.
  2923 | D:4      | Noticed an ogre
  2925 | D:4      | Noticed Grinder
  2987 | D:4      | Reached skill level 6 in Axes
  2994 | D:3      | Killed an ogre
  2995 | D:3      | Reached XP level 6. HP: 34/53 MP: 5/5
  3170 | D:4      | Noticed Natasha
  3178 | D:3      | Killed Natasha
  3301 | D:4      | Found Xypusiog's Jewellery Shoppe.
  3312 | D:4      | Found a staircase to the Ecumenical Temple.
  3327 | D:4      | Found a glowing drain.
  3347 | Sewer    | Entered a sewer
  3720 | Sewer    | Reached skill level 7 in Axes
  3851 | Sewer    | Reached skill level 5 in Fighting
  3851 | Sewer    | Reached XP level 7. HP: 60/61 MP: 6/6
  4206 | Temple   | Entered the Ecumenical Temple
  4311 | Temple   | Became a worshipper of Dithmenos the Shadowed
  4408 | D:4      | Noticed Ijyb
  4426 | D:4      | Killed Ijyb
  4732 | D:5      | Entered Level 5 of the Dungeon
  5202 | D:5      | Reached skill level 8 in Axes
  5223 | D:5      | Reached skill level 1 in Evocations
  5225 | D:5      | Reached skill level 5 in Armour
  5288 | D:5      | Found a radiant altar of Vehumet.
  5774 | D:6      | Reached XP level 8. HP: 64/70 MP: 7/7
  5959 | D:6      | Reached * piety under Dithmenos
  6037 | D:6      | Found a runed translucent door.
  6038 | D:6      | Noticed Crazy Yiuf
  6429 | D:6      | Killed Crazy Yiuf
  6598 | D:7      | Reached skill level 9 in Axes
  6604 | D:7      | Found a sand-covered staircase.
  6616 | Ossuary  | Entered an ossuary
  6926 | Ossuary  | Reached ** piety under Dithmenos
  7321 | D:7      | Found an iron altar of Okawaru.
  7324 | D:7      | Found a hazy altar of Hepliaklqana.
  7470 | D:7      | Found a stormy altar of Qazlal.
  7470 | D:7      | Found a bloodstained altar of Trog.
  7472 | D:7      | Found a glowing silver altar of Zin.
  7474 | D:7      | Found a shimmering blue altar of Sif Muna.
  7568 | D:7      | Reached *** piety under Dithmenos
  8005 | D:7      | Noticed a two-headed ogre
  8018 | D:7      | Killed a two-headed ogre
  8019 | D:7      | Reached skill level 10 in Axes
  8019 | D:7      | Reached XP level 9. HP: 25/79 MP: 8/8
  8345 | D:7      | Found a broken altar of Ashenzari.
  8772 | D:8      | Found a sparkling altar of Nemelex Xobeh.
  8909 | D:8      | Reached skill level 11 in Axes
  9082 | D:8      | Noticed Harold
  9101 | D:8      | Paralysed by Harold for 3 turns
  9120 | D:8      | Paralysed by Harold for 2 turns
  9123 | D:8      | Killed Harold
  9710 | D:9      | Reached skill level 12 in Axes
  9710 | D:9      | Reached XP level 10. HP: 67/89 MP: 9/9
  9953 | D:9      | You fall into a shaft and drop 2 floors!
 10265 | D:11     | Noticed a cyclops
 10284 | D:11     | Killed a cyclops
 10475 | D:11     | Noticed Snorg
 10490 | D:11     | Reached skill level 13 in Axes
 10796 | D:11     | Reached skill level 1 in Stealth
 10826 | D:11     | Noticed a cyan ugly thing
 10842 | D:11     | Killed a cyan ugly thing
 10942 | D:11     | Killed Snorg
 11276 | D:10     | Entered Level 10 of the Dungeon
 11321 | D:10     | Reached skill level 14 in Axes
 11322 | D:10     | Identified a scroll of acquirement
 11322 | D:10     | Acquired a +2 executioner's axe of flaming
 12052 | D:10     | Reached **** piety under Dithmenos
 12224 | D:10     | Noticed a two-headed ogre
 12233 | D:10     | Killed a two-headed ogre
 12234 | D:10     | Reached skill level 15 in Axes
 12234 | D:10     | Reached XP level 11. HP: 68/95 MP: 10/10
 12471 | D:10     | Found a staircase to the Orcish Mines.
 12797 | D:10     | Reached skill level 16 in Axes
 13360 | D:10     | Noticed a two-headed ogre
 13461 | D:10     | Killed a two-headed ogre
 13995 | D:11     | Reached skill level 17 in Axes
 14002 | D:11     | Found a staircase to the Lair.
 14086 | D:11     | Noticed Erica
 14100 | D:11     | Killed Erica
 14267 | D:12     | Noticed a boulder beetle
 14268 | D:12     | Noticed a boulder beetle
 14302 | Lair:1   | Entered Level 1 of the Lair of Beasts
 14327 | Lair:1   | You fall into a shaft and drop 1 floor!
 14372 | Lair:2   | Noticed a four-headed hydra
 14382 | Lair:2   | Killed a one-headed hydra
 14383 | Lair:2   | Reached skill level 1 in Invocations
 14387 | Lair:2   | Reached skill level 5 in Evocations
 14391 | Lair:2   | Reached skill level 18 in Axes
 14399 | Lair:2   | Found a staircase to the Shoals.
 14668 | Lair:2   | Reached XP level 12. HP: 103/103 MP: 12/12
 15265 | Lair:1   | Found a runed translucent gate.
 15265 | Lair:1   | Found a runed translucent gate.
 15266 | Lair:1   | Found a runed translucent gate.
 15591 | Lair:1   | Noticed Imnulubo's ghost (novice TeFE)
 15652 | Lair:1   | Killed Imnulubo's ghost
 15785 | Lair:1   | Got the ring "Nekkyen" {Fire Will+ SInv Stlth+}
 15831 | Lair:3   | Noticed Urug
 15836 | Lair:3   | Killed Urug
 15849 | Lair:3   | Reached skill level 19 in Axes
 15854 | Lair:3   | Found a runed translucent door.
 15857 | Lair:3   | Reached ***** piety under Dithmenos
 15873 | Lair:3   | Noticed Befuwnopp's ghost (journeyman TrHu)
 16223 | Lair:3   | Reached skill level 20 in Axes
 16246 | Lair:3   | Noticed Fannar
 16259 | Lair:3   | Killed Fannar
 16642 | Lair:3   | Found a hole to the Spider Nest.
 16934 | Lair:4   | Noticed an eight-headed hydra
 16938 | Lair:4   | Noticed a six-headed hydra
 16943 | Lair:4   | Killed a three-headed hydra
 16944 | Lair:4   | Reached skill level 21 in Axes
 16944 | Lair:4   | Killed a four-headed hydra
 16945 | Lair:4   | Reached XP level 13. HP: 88/108 MP: 14/14
 17649 | Lair:5   | Reached skill level 22 in Axes
 17939 | Lair:5   | Found a runed translucent door.
 17940 | Lair:5   | Found a shimmering altar of Xom.
 17940 | Lair:5   | Noticed BobtheApe's ghost (journeyman GrEE)
 17941 | Lair:5   | Identified the +8 executioner's axe of pkoi's Slow Death
                  | {chaos, rElec rPois Will+ Str+2}
 18065 | Lair:6   | Entered Level 6 of the Lair of Beasts
 18341 | Lair:6   | Found a viscous altar of Jiyva.
 18341 | Lair:6   | Found a staircase to the Slime Pits.
 19305 | D:2      | Killed Sigmund
 19914 | D:3      | Noticed Natasha
 19920 | D:3      | Killed Natasha
 20312 | Lair:6   | Reached skill level 23 in Axes
 20428 | Lair:6   | Reached ****** piety under Dithmenos
 20746 | Lair:6   | Reached skill level 24 in Axes
 20779 | Lair:6   | Reached XP level 14. HP: 114/116 MP: 15/15
 20806 | Lair:6   | Identified the ring of the Trout {rF+ Str+4 Dex-2}
 21248 | Lair:6   | Reached skill level 1 in Bows
 22670 | D:13     | Noticed Nessos
 22692 | D:13     | Killed Nessos
 22884 | D:13     | Identified the +4 flail of Skirmishing {flame, rN++}
 22943 | D:13     | Found a hide-covered altar of Uskayaw.
 23288 | D:14     | Found a gate to the Vaults.
 23333 | D:14     | Shot with a bolt by an orc knight

Illustrated notes

Levels and vault maps discovered:
D:1:      dpeg_arrival_round_a, layout_loops_corners,
          shapermc_ecumenical_altar_ellora, serial_shops, nicolae_diamond_shop,
          moated_statue, serial_bayou_pond_d
D:2:      minmay_razor_zed, layout_basic, minmay_heptomino_w4, uniq_sigmund
D:3:      layout_basic, marbit_many_paths
D:4:      layout_rooms, minmay_temple_entry_tees, gup_sewer_entry_glass,
          serial_shops, nicolae_lakefront_shop, uniq_ijyb, uniq_natasha,
          uniq_grinder
D:5:      layout_cave_pools, vehumet_altar_wand_db, nicolae_underground_beach
D:6:      layout_basic, uniq_crazy_yiuf_cottage
D:7:      layout_loops_ring, lemuel_crystal_altar, minitemple,
          nicolae_ossuary_entry_monument
D:8:      layout_gridville, nemelex_spade_bored_becter, minmay_holes,
          minmay_misc_feat_five, uniq_harold
D:9:      layout_stronghold, hangedman_decor_lopped
D:10:     wad_woods_structure_01, layout_basic, david_orc_3,
          hangedman_stone_soup
D:11:     layout_grid_maze, lair_entry_dummy, uniq_snorg, uniq_erica
D:12:     layout_layer_cave
D:13:     layout_rooms, eat_drink_and_be_merry_uskayaw, uniq_nessos
D:14:     layout_gridville, david_vaults_3, serial_shops,
          nicolae_shop_statue_plus, portal_ice_cave_entry_ugly_swarm,
          gammafunk_ghost_crypt, amethyst_killhole, nicolae_shop_gadgets,
          uniq_azrael, uniq_jorgrun
Temple:   hc_temple_tempest_star
Lair:1:   layout_regular_city, gammafunk_ghost_icy
Lair:2:   layout_hall_layers, minmay_shoals_entry_centaurs
Lair:3:   layout_misc_corridors, nicolae_spider_entry_non_spiders,
          gammafunk_ghost_grave, serial_bayou_shore_a, uniq_fannar, uniq_urug
Lair:4:   layout_hall_layers, grunt_megastairs_2, lemuel_fruit_tree
Lair:5:   layout_roguey, ebering_ghost_xom
Lair:6:   minmay_lair_end_enchanted_forest, layout_regular_city, slime_altar_1,
          grunt_megastairs_5

Skill      XL: |  1  2  3  4  5  6  7  8  9 10 11 12 13 14 |
---------------+-------------------------------------------+-----
Axes           | 4 5 6 7 8 10 12 15 18 21 24 | 24.0
Armour         | 1 2 3 4 5 6 7 8 |  8.6
Fighting       | 3 4 5 7 8 9 |  9.7
Evocations     | 1 3 4 5 6 |  6.6
Stealth        | 3 4 |  4.7
Invocations    | 2 3 4 |  4.2
Bows           | 3 |  3.9
Dodging        | 4 |  4.7
Throwing       | |  2.0

Action                   |  1- 3 |  4- 6 |  7- 9 | 10-12 | 13-15 || total
-------------------------+-------+-------+-------+-------+-------++-------
Melee: War axe           |    70 |   141 |   335 |       |       ||   546
       Headbutt          |    11 |    26 |    68 |   133 |    64 ||   302
       Punch             |     2 |     1 |     3 |       |       ||     6
       Battleaxe         |       |       |    15 |   285 |       ||   300
       Executioner's axe |       |       |       |   181 |   350 ||   531
Throw: Dart              |       |     3 |       |       |       ||     3
       Throwing net      |       |     1 |       |       |       ||     1
Evoke: Wand              |       |       |    11 |     6 |       ||    17
  Use: Scroll            |     5 |     4 |    13 |     6 |     6 ||    34
       Potion            |       |       |     1 |     1 |     1 ||     3
 Stab: Sleeping          |       |       |       |    35 |    33 ||    68
       Distracted        |       |       |       |     4 |     3 ||     7
Armor: Leather armour    |    17 |       |       |       |       ||    17
       Plate armour      |     6 |   103 |   227 |    75 |       ||   411
       Troll leather arm |       |       |       |   102 |    96 ||   198
Dodge: Dodged            |    53 |    58 |   121 |   270 |   201 ||   703
